AoeStats
← noahubert

Lombardia

508340097Analyzed
3v3 RM · 8d ago on Sep 22, 2026· 72m 15s· 6 players
Game mode
Random Map
Map size
Normal (6 player)
Population
200
Speed
Normal
Resources
Standard
Victory
Conquest
Starting age
Dark Age
Ending age
Imperial Age
RankedLock teamsTeams togetherTeam positionsShared explorationLock speedFull tech treeHidden civsTurbo modeCheats
Victory
Defeat
🇺🇸 Gurjaras · United States
800
+17
🇺🇸 Byzantines · United States
781
+18
🇺🇸 Bohemians · United States
742
+19
🇵🇪 Lithuanians · Peru
854
-19
🇨🇴 Franks · Colombia
826
-18
🇸🇾 Mongols · Syria
798
-17
hamiltonjd15
1:05 Loom
12:09 Feudal Age
12:43 Double-Bit Axe
12:42 Horse Collar
13:42 Wheelbarrow
24:42 Castle Age
26:42 Hand Cart
26:32 Heavy Plow
26:45 Bow Saw
28:38 Town Watch
28:30 Pikeman
37:16 Imperial Age
35:11 Caravan
35:28 Forging
35:19 Scale Mail Armor
35:10 Fletching
36:48 Squires
36:34 Arson
38:01 Chemistry
37:29 Ballistics
37:45 Fortified Wall
37:32 Murder Holes
38:35 Halberdier
42:56 Two-Man Saw
43:47 Houfnice
46:57 Iron Casting
46:38 Chain Mail Armor
46:31 Siege Engineers
59:35 Blast Furnace
59:06 Plate Mail Armor
theforceofg
0:30 Loom
10:46 Feudal Age
12:28 Double-Bit Axe
17:31 Bloodlines
23:36 Castle Age
21:50 Horse Collar
22:49 Forging
24:20 Scale Barding Armor
26:40 Town Watch
27:01 Husbandry
27:42 Chain Barding Armor
27:26 Gold Mining
31:26 Bow Saw
33:53 Wheelbarrow
38:01 Iron Casting
42:48 Imperial Age
40:48 Fortified Wall
41:47 Hand Cart
41:35 Stone Mining
44:25 Masonry
44:15 Fletching
44:23 Heavy Camel Rider
45:53 Plate Barding Armor
47:33 Conscription
48:03 Murder Holes
48:26 Kshatriyas
53:47 Bodkin Arrow
56:26 Architecture
56:58 Chemistry
56:03 Caravan
57:13 Frontier Guards
57:20 Ballistics
65:33 Thumb Ring
66:48 Elite Skirmisher
69:02 Bracer
71:50 Siege Elephant
noahubert
1:28 Loom
11:10 Feudal Age
12:30 Wheelbarrow
12:45 Double-Bit Axe
20:46 Castle Age
20:36 Horse Collar
22:43 Bow Saw
25:04 Stone Mining
25:05 Gold Mining
28:40 Hand Cart
28:29 Elite Skirmisher
28:41 Pikeman
38:03 Imperial Age
36:53 Thumb Ring
39:14 Conscription
39:15 Caravan
40:37 Fortified Wall
40:48 Ballistics
42:23 Stone Shaft Mining
42:24 Gold Shaft Mining
41:25 Heavy Camel Rider
46:23 Halberdier
57:56 Forging
62:10 Iron Casting
61:25 Fletching
61:36 Scale Mail Armor
61:36 Padded Archer Armor
61:42 Scale Barding Armor
62:42 Chemistry
61:40 Murder Holes
70:31 Logistica
MeisolMLG
0:28 Loom
11:17 Feudal Age
11:54 Double-Bit Axe
12:51 Wheelbarrow
13:23 Wheelbarrow
12:57 Gold Mining
12:59 Stone Mining
15:27 Gold Mining
22:33 Castle Age
23:35 Bow Saw
24:04 Gold Shaft Mining
26:39 Hand Cart
27:05 Pikeman
39:06 Imperial Age
37:21 Town Watch
37:54 Caravan
38:54 Squires
38:40 Gambesons
39:54 Cavalier
40:35 Husbandry
40:28 Arrowslits
42:33 Elite Skirmisher
44:39 Fletching
44:49 Padded Archer Armor
45:00 Forging
44:50 Scale Mail Armor
47:16 #83
47:00 Chivalry
fisico391
10:05 Loom
12:23 Feudal Age
17:39 Castle Age
15:54 Bloodlines
15:55 Gold Mining
19:27 Husbandry
19:41 Forging
21:10 Wheelbarrow
21:07 Double-Bit Axe
21:34 Horse Collar
28:38 Hand Cart
29:29 Town Watch
30:09 Bow Saw
30:58 Iron Casting
30:29 Scale Barding Armor
33:23 Town Patrol
37:08 Chain Barding Armor
36:49 Scale Mail Armor
41:05 Imperial Age
39:09 Stone Mining
40:46 Murder Holes
41:15 Cavalier
42:54 Stone Shaft Mining
43:12 Paladin
45:12 Heavy Plow
46:12 Conscription
47:57 Plate Barding Armor
47:30 Caravan
49:49 Ballistics
49:40 Masonry
68:02 Elite Leitis
AlwaysLate
10:03 Feudal Age
9:03 Loom
10:36 Double-Bit Axe
10:34 Horse Collar
12:42 Wheelbarrow
14:10 Wheelbarrow
14:22 Forging
16:07 Town Watch
16:27 Fletching
23:36 Castle Age
22:47 Gold Mining
22:47 Stone Mining
22:55 Fletching
23:20 Bloodlines
23:44 Scale Barding Armor
25:13 Bow Saw
25:07 Heavy Plow
25:32 Bodkin Arrow
31:08 Hand Cart
32:12 Gold Shaft Mining
32:49 Town Patrol
35:22 Iron Casting
35:09 Chain Barding Armor
35:30 Stone Shaft Mining
35:36 Ballistics
35:13 Murder Holes
36:55 Thumb Ring
44:01 Imperial Age
41:57 Caravan
48:29 Heavy Cavalry Archer
49:39 Parthian Tactics
51:33 Pikeman
52:14 Squires
51:59 Arson
63:39 Bracer
63:41 Padded Archer Armor
64:41 Blast Furnace
67:57 Cavalier
68:39 Husbandry
Connection lost

Rejoining the realm…

Still unreachable

The connection could not be restored.

Session expired

The server has moved on; the page needs a fresh start.